 Dungeon Crawl Stone Soup version 0.18.1-1-g2f07953 (webtiles) character file.

423811 George the Minotaur Blade (level 22, -2/195 (209) HPs)
             Began as a Minotaur Fighter on May 6, 2016.
             Was the Champion of the Shining One.
             Killed from afar by a Hell Sentinel (36 damage)
             ... with damnation
             ... summoned by a deep elf demonologist
             ... on level 3 of the Elven Halls on May 7, 2016.
             The game lasted 02:20:14 (47664 turns).

George the Minotaur Blade (Minotaur Fighter)       Turns: 47664, Time: 02:20:15

HP:   -2/195 (209)  AC: 46    Str: 27    XL:     22   Next: 70%
MP:   42/42         EV: 13    Int:  6    God:    the Shining One [******]
Gold: 3313          SH: 40    Dex: 15    Spells: 0 memorised, 21 levels left

rFire  + + +     SeeInvis .     Y - +9 double sword (holy)
rCold  + . .     Gourm    .     R - +12 gold dragon armour
rNeg   + + +     Faith    .     c - +0 large shield
rPois  +         Spirit   .     A - +2 hat {Int+3}
rElec  +         Dismiss  .     N - +0 cloak of the Great Game {rF++ MR+ MP+9 Dex-2}
rCorr  .         Reflect  +     s - +2 pair of gloves {Str+3}
SustAt .         Harm     .     F - +2 pair of boots {Fly}
MR     +++..                    o - +4 amulet of reflection
Stlth  ..........               i - ring of Feiqor {+Inv Int-2 Slay+4 Stlth+}
                                t - ring of protection from magic

@: divine shield, flying, glowing, extremely resistant to hostile enchantments,
extremely unstealthy
A: retaliatory headbutt, horns 2, electricity resistance
a: Divine Shield, Cleansing Flame, Summon Divine Warrior, Renounce Religion,
Evoke Invisibility, Stop Flying
}: 2/15 runes: decaying, serpentine


You were on level 3 of the Elven Halls.
You worshipped the Shining One.
The Shining One was exalted by your worship.
You were not hungry.

You visited 9 branches of the dungeon, and saw 44 of its levels.
You also visited: Sewer, Ossuary and Ice Cave.

You collected 6261 gold pieces.
You spent 2948 gold pieces at shops.

Inventory:

Hand Weapons
 g - a +6 scimitar of flaming
 Y - a +9 double sword of holy wrath (weapon)
Missiles
 b - 7 javelins of returning (quivered)
 p - 3 throwing nets
Armour
 c - a +0 large shield (worn)
 s - a +2 pair of gloves of strength (worn)
 A - a +2 hat of intelligence (worn)
 F - a +2 pair of boots of flying (worn)
 N - the +0 cloak of the Great Game (worn) {rF++ MR+ MP+9 Dex-2}
   (You acquired it on level 1 of the Elven Halls)

   It affects your dexterity (-2).
   It greatly protects you from fire.
   It affects your resistance to hostile enchantments.
   It affects your magic capacity (+9).
 R - a +12 gold dragon armour (worn)
Jewellery
 i - the ring of Feiqor (right hand) {+Inv Int-2 Slay+4 Stlth+}
   (You found it in an ice cave)

   [ring of stealth]

   It affects your intelligence (-2).
   It affects your accuracy and damage with ranged weapons and melee attacks
   (+4).
   It lets you turn invisible.
   It makes you more stealthy.
 l - an uncursed ring of resist corrosion
 o - a +4 amulet of reflection (around neck)
 t - a ring of protection from magic (left hand)
 Q - an uncursed ring of protection from cold
 S - an uncursed ring of protection from fire
Wands
 u - a wand of teleportation (4/9)
 H - a wand of hasting (7/9)
 T - a wand of digging (13/24)
Scrolls
 h - 16 scrolls of remove curse
 n - 4 scrolls of enchant armour
 q - 8 scrolls of magic mapping
 r - 5 scrolls of recharging
 v - 14 scrolls of teleportation
 w - 17 scrolls of identify
 y - a scroll of holy word
 L - 2 scrolls of silence
 M - 7 scrolls of fear
 O - 9 scrolls of immolation
 W - 5 scrolls of fog
 X - 3 scrolls of blinking
Potions
 d - 10 potions of might
 e - 2 potions of mutation
 k - 8 potions of agility
 x - 25 potions of curing
 C - 8 potions of haste
 D - 3 potions of magic
 E - 2 potions of cancellation
 G - 2 potions of cure mutation
 K - 4 potions of resistance
 V - 11 potions of heal wounds
 Z - 6 potions of ambrosia
Miscellaneous
 j - a phial of floods
 J - a stone of tremors
 U - a lamp of fire
Comestibles
 a - 14 fruits
 f - 29 bread rations
 z - 19 meat rations
 B - 15 beef jerkies
 I - 7 slices of pizza
 P - 8 royal jellies


   Skills:
 + Level 20.0 Fighting
 + Level 21.1 Long Blades
 + Level 19.9 Armour
 + Level 15.6 Dodging
 + Level 20.0 Shields
 + Level 16.8 Invocations


You had 21 spell levels left.
You didn't know any spells.

Dungeon Overview and Level Annotations

Branches:
Dungeon (15/15)            Temple (1/1) D:6            Lair (8/8) D:10
  Swamp (4/4) Lair:3        Snake (4/4) Lair:4        Slime (0/6) Lair:8
    Orc (2/2) D:10            Elf (3/3) Orc:2        Vaults (4/5) D:13
  Crypt (3/3) Vaults:2       Tomb (0/3) Crypt:3      Depths (0/5) D:15

Altars:
Ashenzari
Cheibriados
Dithmenos
Elyvilon
Fedhas
Gozag
Kikubaaqudgha
Makhleb
Nemelex Xobeh
Okawaru
Pakellas
Qazlal
Ru
Sif Muna
Trog
Vehumet
Xom
Yredelemnul
Zin
The Shining One

Shops:
D:5 *   D:6 ([   D:8 =   D:13 !   Orc:1 %   Orc:2 [*(:   Elf:1 *   Snake:1 [
Vaults:2 !


Innate Abilities, Weirdness & Mutations

You reflexively headbutt those who attack you in melee.
You have a pair of horns on your head.
You are resistant to electric shocks.


Message History

The Hell Sentinel gestures at you.
The damnation unfurls!
The damnation engulfs you!
* * * LOW HITPOINT WARNING * * *
The deep elf annihilator casts a spell.
The deep elf annihilator blinks!
Items here: ( )) [ 2 arrows; a quick blade x2; a leather armour The deep elf annihilator mumbles some strange words.
The deep elf annihilator blinks!
The Hell Sentinel gestures at you.
The damnation unfurls!
The damnation engulfs you!
* * * LOW HITPOINT WARNING * * *
The Hell Sentinel gestures at you.
The iron shot reflects off an invisible shield around you!
The iron shot hits the Hell Sentinel.
There is a large open door here.
An earth elemental comes into view.
The Hell Sentinel gestures at you.
The damnation unfurls!
The damnation engulfs you!
You die...

#....#....# .. ..
.##...#....## .#..#E
..#..#....##
..#....#.#.#..#''##
.......#.#...##..#..).##
........#..#.#..#......##
.........#...#.#........#
.........#..#.+........#
#.....#..#@#.+........#
#...(.#...####........#
#.....#..## ##..(...##
#.....#''## ##....##
###...1...## ###''#
#...e....## #..#
+.........######..#
#.e.......#.......#
####......).+.......#


You could see a Hell Sentinel, a deep elf annihilator, a deep elf death mage and
an earth elemental.

Vanquished Creatures
  Saint Roka (Elf:2)
  A curse toe (Crypt:3)
  Norris (Vaults:3)
  Nikola (Vaults:1)
  Xtahua (Vaults:3)
  A bone dragon (Crypt:3)
  A tentacled monstrosity (Vaults:3)
  2 liches (Crypt:3)
  2 deep elf blademasters
  8 ancient champions
  A sphinx (Crypt:3)
  Gastronok (Lair:1)
  Agnes (Snake:2)
  3 thorn hunters
  Wiglaf (Crypt:3)
  3 revenants
  4 greater nagas
  A fire giant (Vaults:4)
  A storm dragon (Vaults:3)
  A juggernaut zombie (Crypt:2)
  5 deep elf sorcerers
  17 vault wardens
  2 frost giants
  Aizul (Vaults:3)
  An orc warlord (Orc:1)
  7 stone giants
  2 curse skulls (Crypt:1)
  4 ghouls (Crypt:2)
  3 reapers
  3 very ugly things
  16 ironheart preservers
  4 deep elf demonologists (Elf:1)
  2 salamander stormcallers (Vaults:4)
  3 deep elf annihilators (Elf:3)
  Nessos (D:12)
  Snorg (D:14)
  10 deep elf death magi
  9 vault guards
  3 ettins
  5 eidola
  2 fire dragons
  9 jiangshi
  3 mummy priests (Crypt:3)
  4 great orbs of eyes
  The ghost of protoss039 the Nimble, a journeyman MiBe of Trog (Orc:2)
  8 yaktaur captains
  2 deep elf high priests (Elf:1)
  15 hydras
  2 ice dragons (D:15)
  15 naga warriors
  Harold (Lair:4)
  2 catoblepae
  6 centaur warriors
  2 death knights
  5 anacondas
  Erica (Lair:1)
  10 alligators
  8 death yaks (Lair:6)
  21 dancing weapons
  Urug (Lair:2)
  11 naga sharpshooters
  12 ogre magi
  3 orc high priests
  A soul eater (Vaults:2)
  4 shock serpents
  20 deep elf knights
  23 skeletal warriors
  3 salamander mystics
  A shadow wraith (Vaults:3)
  3 fire crabs
  A storm dragon skeleton (Crypt:1)
  5 deep trolls (Vaults:3)
  2 flayed ghosts
  5 swamp dragons
  10 unseen horrors
  Pikel (D:6)
  14 orc knights
  2 wizards
  2 giant orange brains (Vaults:3)
  10 deep elf archers
  9 hill giants
  6 naga ritualists
  12 ironbrand convokers
  2 shambling mangroves
  10 harpies (Vaults:4)
  5 phantasmal warriors
  A wolf spider zombie (D:14)
  An orb spider (shapeshifter) (Vaults:3)
  A large abomination (Elf:3)
  5 mana vipers
  3 griffons
  50 deep elf magi
  4 hornets
  2 hornets (shapeshifter)
  5 wolf spiders
  2 necromancers
  A hell hog zombie (Crypt:2)
  A manticore (D:14)
  26 ugly things
  5 orc sorcerers
  3 cyclopes
  12 oklob plants
  13 salamanders
  30 elephants
  A guardian serpent (shapeshifter) (D:15)
  14 vault sentinels
  2 guardian serpents
  2 ice statues (IceCv)
  38 black mambas
  A human skeleton (Vaults:2)
  3 stone giant skeletons
  Psyche (D:8)
  9 centaur skeletons
  20 naga magi
  2 gargoyles
  18 spiny frogs
  24 yaktaurs
  A purple draconian zombie (Crypt:3)
  An elephant slug zombie (Crypt:1)
  18 komodo dragons
  A yaktaur (shapeshifter) (D:13)
  2 kobold demonologists
  2 rime drakes
  6 swamp worm zombies
  10 freezing wraiths
  12 guardian mummies (Crypt:3)
  A catoblepas skeleton (Crypt:1)
  A death yak skeleton (Crypt:2)
  7 spriggan druids
  A harpy zombie (Crypt:2)
  A queen bee (D:8)
  A jumping spider (shapeshifter) (Vaults:1)
  10 trolls
  17 two-headed ogres
  4 hydra zombies
  5 giant leeches
  6 boulder beetles
  11 bog bodies
  A hydra skeleton (Crypt:1)
  8 polar bears
  A fire dragon zombie (Crypt:3)
  34 slime creatures
  4 spectral swamp dragons (Swamp:4)
  21 blink frogs
  A jumping spider zombie (Crypt:2)
  3 ushabtiu (Crypt:3)
  19 spriggans
  An alligator zombie (Swamp:4)
  2 air elementals
  A centaur simulacrum (D:15)
  2 water elementals
  A fire dragon skeleton (Crypt:1)
  Sigmund (D:6)
  3 shadows
  7 wraiths
  4 wyverns
  57 yaks
  A fire elemental (Elf:1)
  A human (shapeshifter) (Vaults:1)
  8 redbacks (Lair:8)
  7 basilisks
  2 hungry ghosts
  9 hippogriffs
  21 insubstantial wisps
  37 vampire mosquitoes
  11 wargs
  A mottled dragon (D:14)
  3 human simulacra
  A merfolk zombie (Crypt:1)
  A deep troll zombie (Vaults:2)
  19 swamp worms
  A soldier ant (D:15)
  Duvessa (D:4)
  42 nagas
  16 water moccasins
  13 porcupines
  7 swamp drakes
  A sky beast (D:11)
  A slave (D:6)
  17 ice beasts
  41 orc warriors
  A swamp dragon zombie (Swamp:4)
  A fire dragon simulacrum (Crypt:3)
  5 black bears
  10 necrophages
  16 wasps
  6 phantoms
  39 wolves
  A blink frog zombie (Crypt:3)
  44 ogres
  10 boggarts
  18 crocodiles
  14 centaurs
  A lindwurm skeleton (Crypt:2)
  3 big kobolds
  18 giant frogs
  A yaktaur skeleton (Crypt:1)
  A komodo dragon skeleton (Crypt:1)
  Dowan (D:4)
  A warg zombie (Crypt:2)
  A water moccasin zombie (D:8)
  6 scorpions
  A swamp dragon simulacrum (Crypt:3)
  20 killer bees
  13 wights
  2 electric eels
  3 howler monkeys
  6 giant frog zombies
  11 crimson imps
  7 centaur zombies
  7 jellies
  4 hounds
  A quasit (D:12)
  A basilisk skeleton (Crypt:2)
  16 orc priests
  5 giant frog skeletons
  27 orc wizards
  A two-headed ogre skeleton (Crypt:1)
  15 iguanas
  A spectral swamp drake (Swamp:4)
  19 worker ants
  A killer bee zombie (D:5)
  4 sheep
  2 hound zombies (D:5)
  A naga skeleton (Crypt:3)
  A crocodile skeleton (Crypt:3)
  A mottled dragon skeleton (Crypt:3)
  3 hound skeletons
  10 mummies
  2 howler monkey zombies
  4 worker ant zombies
  17 adders
  A gnoll (shapeshifter) (Vaults:3)
  10 gnolls
  A steam dragon zombie (Crypt:1)
  3 howler monkey skeletons
  52 river rats
  A swamp drake zombie (Crypt:3)
  8 shadow imps
  13 white imps
  6 adder zombies
  A sheep zombie (Crypt:2)
  2 adder skeletons
  An iguana skeleton (Crypt:2)
  A sheep skeleton (Crypt:3)
  2 worms (D:2)
  2 dart slugs
  9 giant geckos
  92 orcs
  7 bats
  5 giant cockroaches
  3 gnoll zombies (Ossuary)
  8 goblins
  5 hobgoblins
  9 jackals
  5 quokkas
  4 ball pythons
  A giant cockroach zombie (D:5)
  A giant gecko skeleton (Crypt:2)
  A giant gecko zombie (D:7)
  8 giant newts
  2 hobgoblin zombies (Ossuary)
  A jackal skeleton (D:8)
  A jackal zombie (D:5)
  20 kobolds
  4 kobold zombies
  A quokka skeleton (D:5)
  18 rats
  3 briar patches
  2 bushes
  A butterfly (Lair:2)
  11 plants (Lair:4)
2011 creatures vanquished.

Vanquished Creatures (collateral kills)
  A bone dragon (Swamp:4)
  2 greater nagas (Snake:4)
  2 ice dragons (IceCv)
  A naga warrior (Snake:4)
  A ghost crab (Swamp:4)
  A death yak (Lair:6)
  2 naga sharpshooters (Snake:4)
  A spectral hydra (Swamp:4)
  2 phantasmal warriors (Swamp:4)
  2 naga magi (Snake:4)
  A torpor snail (Lair:6)
  A rime drake (Lair:6)
  A hydra zombie (Swamp:4)
  A spectral swamp dragon (Swamp:4)
  A yak (Lair:6)
  3 nagas (Snake:4)
  A porcupine (Lair:6)
  2 swamp dragon zombies (Swamp:4)
  3 phantoms (Swamp:4)
  A spectral swamp drake (Swamp:4)
  5 sheep (Lair:6)
  A river rat (Lair:6)
  A fungus (Lair:6)
37 creatures vanquished.

Vanquished Creatures (others)
  A deep elf master archer (Elf:3)
  A naga sharpshooter (Snake:4)
  A deep elf knight (Elf:2)
  A death drake (Swamp:4)
  4 deep elf archers
  A cyclops (Vaults:1)
  A salamander (Snake:3)
  5 yaktaurs
  A slave (D:6)
  A vampire mosquito (Vaults:2)
  An insubstantial wisp (Swamp:4)
  2 nagas (Snake:4)
  An orc warrior (Elf:1)
  A black bear (D:6)
  3 centaurs
  58 fungi
  4 lost souls
  22 plants
109 creatures vanquished.

Grand Total: 2157 creatures vanquished

Notes
Turn   | Place    | Note
--------------------------------------------------------------
     0 | D:1      | George the Minotaur Fighter began the quest for the Orb.
     0 | D:1      | Reached XP level 1. HP: 19/19 MP: 0/0
   173 | D:1      | Reached skill level 3 in Long Blades
   301 | D:1      | Reached XP level 2. HP: 21/26 MP: 1/1
   426 | D:1      | Reached skill level 4 in Long Blades
   783 | D:2      | Reached XP level 3. HP: 27/31 MP: 2/2
  1194 | D:2      | Reached skill level 5 in Long Blades
  1225 | D:2      | Reached XP level 4. HP: 22/39 MP: 3/3
  1910 | D:2      | Reached skill level 6 in Long Blades
  2226 | D:2      | Reached XP level 5. HP: 34/45 MP: 4/4
  2602 | D:3      | Reached skill level 7 in Long Blades
  2957 | D:4      | Noticed Duvessa
  2957 | D:4      | Noticed Dowan
  2972 | D:4      | Killed Duvessa
  2972 | D:4      | Reached skill level 8 in Long Blades
  2972 | D:4      | Reached XP level 6. HP: 33/51 MP: 5/5
  2980 | D:4      | Killed Dowan
  3005 | D:3      | HP: 2/51 [poisoned by Dowan]
  3356 | D:4      | Found a glowing drain.
  3377 | Sewer    | Entered a sewer
  3452 | Sewer    | Reached skill level 9 in Long Blades
  3676 | D:4      | Reached XP level 7. HP: 46/57 MP: 6/6
  4052 | D:4      | Found a glowing golden altar of the Shining One.
  4069 | D:4      | Became a worshipper of the Shining One
  4256 | D:4      | Found a burning altar of Makhleb.
  4351 | D:5      | Entered Level 5 of the Dungeon
  4362 | D:5      | Reached skill level 1 in Invocations
  4367 | D:5      | Reached skill level 10 in Long Blades
  4452 | D:5      | Reached * piety under the Shining One
  4484 | D:5      | Reached XP level 8. HP: 38/67 MP: 8/8
  4680 | D:5      | Found Qesaar's Assorted Antiques.
  4707 | D:5      | Bought a fizzy grey potion for 23 gold pieces
  4762 | D:5      | Reached skill level 5 in Armour
  4767 | D:5      | Reached skill level 5 in Fighting
  4801 | D:5      | Reached ** piety under the Shining One
  5037 | D:6      | Reached skill level 5 in Shields
  5111 | D:6      | Found a bloodstained altar of Trog.
  5111 | D:6      | Found an iron altar of Okawaru.
  5231 | D:6      | Found Hionix's Antique Armour Shoppe.
  5256 | D:6      | Noticed Pikel
  5285 | D:6      | Killed Pikel
  5285 | D:6      | Reached XP level 9. HP: 25/75 MP: 10/10
  5458 | D:6      | Noticed Sigmund
  5668 | D:6      | Killed Sigmund
  5668 | D:6      | Reached skill level 11 in Long Blades
  5902 | D:6      | Found a staircase to the Ecumenical Temple.
  5932 | Temple   | Entered the Ecumenical Temple
  6386 | D:6      | Found Ingeliti's Weapon Boutique.
  6614 | D:7      | Reached *** piety under the Shining One
  7064 | D:7      | Found a blossoming altar of Fedhas.
  7312 | D:7      | Reached skill level 5 in Invocations
  7324 | D:7      | Reached **** piety under the Shining One
  7324 | D:7      | Reached XP level 10. HP: 86/86 MP: 12/12
  7382 | D:8      | Found a sparkling altar of Nemelex Xobeh.
  7402 | D:8      | Found a sand-covered staircase.
  7410 | Ossuary  | Entered an ossuary
  7730 | D:8      | Reached ***** piety under the Shining One
  7761 | D:8      | HP: 2/88 [killer bee (5)]
  8090 | D:8      | Reached skill level 12 in Long Blades
  8207 | D:8      | Found Ysiol's Jewellery Shoppe.
  8318 | D:8      | Noticed Psyche
  8326 | D:8      | Killed Psyche
  8559 | D:8      | Gained mutation: You are resistant to electric shocks. [potion of beneficial mutation]
  8700 | D:8      | Bought an uncursed amulet of regeneration for 450 gold pieces
  8760 | D:9      | Noticed a four-headed hydra
  8780 | D:9      | Killed a four-headed hydra
  8864 | D:9      | Noticed a white ugly thing
  8884 | D:9      | Killed a white ugly thing
  9046 | D:9      | Reached XP level 11. HP: 97/97 MP: 14/14
  9198 | D:9      | Found a shattered altar of Ashenzari.
  9198 | D:9      | Found a shadowy altar of Dithmenos.
  9208 | D:9      | Found an ancient bone altar of Kikubaaqudgha.
  9215 | D:9      | Found a shimmering altar of Xom.
  9249 | D:10     | Entered Level 10 of the Dungeon
  9298 | D:10     | Found a staircase to the Lair.
  9462 | D:10     | Found an opulent altar of Gozag.
  9808 | D:10     | Reached skill level 13 in Long Blades
  9878 | D:10     | Found a staircase to the Orcish Mines.
 10364 | D:11     | Noticed a hill giant
 10374 | D:11     | Killed a hill giant
 10374 | D:11     | Reached skill level 10 in Armour
 10516 | D:11     | Noticed a five-headed hydra
 10520 | D:11     | Reached skill level 10 in Fighting
 10533 | D:11     | Killed a five-headed hydra
 10632 | D:11     | Noticed a hill giant
 10647 | D:11     | Killed a hill giant
 10755 | D:11     | Noticed a hill giant
 10773 | D:11     | Killed a hill giant
 10827 | D:11     | Noticed an unseen horror
 10827 | D:11     | Reached ****** piety under the Shining One
 10848 | D:11     | Killed an unseen horror
 10848 | D:11     | Reached skill level 10 in Shields
 10848 | D:11     | Reached XP level 12. HP: 96/107 MP: 15/17
 11149 | D:12     | Noticed Nessos
 11306 | D:12     | Killed Nessos
 12249 | D:12     | Reached skill level 14 in Long Blades
 12841 | Lair:1   | Entered Level 1 of the Lair of Beasts
 12900 | Lair:1   | Found a frozen archway.
 12910 | Lair:1   | Noticed Gastronok
 12958 | Lair:1   | Killed Gastronok
 13019 | IceCv    | Entered an ice cave
 13472 | IceCv    | Noticed an ice dragon
 13473 | IceCv    | Noticed an ice dragon
 13513 | IceCv    | Killed an ice dragon
 13513 | IceCv    | Reached XP level 13. HP: 24/116 MP: 9/18
 13623 | IceCv    | Got a pitted lapis lazuli ring
 13635 | IceCv    | Identified the ring of Feiqor {+Inv Int-2 Slay+4 Stlth+} (You found it in an ice cave)
 13937 | Lair:1   | Noticed Erica
 13943 | Lair:1   | Killed Erica
 14791 | Lair:2   | Reached skill level 1 in Dodging
 15096 | Lair:2   | Reached skill level 10 in Invocations
 15208 | Lair:2   | Noticed Urug
 15216 | Lair:2   | Killed Urug
 15288 | Lair:2   | You fall through a shaft!
 15535 | Lair:3   | Found a staircase to the Swamp.
 15689 | Lair:3   | Reached skill level 15 in Long Blades
 16186 | Lair:3   | Identified 2 scrolls of acquirement
 16319 | Lair:3   | You fall through a shaft for 3 floors!
 16343 | Lair:6   | Reached XP level 14. HP: 105/127 MP: 10/20
 16832 | Lair:6   | Reached skill level 5 in Dodging
 17420 | Lair:5   | Got a pair of polished boots
 17426 | Lair:5   | Identified the +0 pair of boots "Hinuex" {Str+4 SInv} (You found it on level 5 of the Lair of Beasts)
 17923 | Lair:5   | Identified a +6 double sword of holy wrath (a +4 double sword of protection blessed by the Shining One)
 17923 | Lair:5   | Received a gift from the Shining One
 18220 | Lair:4   | Found a staircase to the Snake Pit.
 18407 | Lair:4   | Noticed Harold
 18420 | Lair:4   | Killed Harold
 19918 | Lair:7   | Found a basalt altar of Yredelemnul.
 20471 | Lair:8   | Entered Level 8 of the Lair of Beasts
 20664 | Lair:8   | Reached XP level 15. HP: 132/136 MP: 22/22
 20846 | Lair:8   | Reached skill level 16 in Long Blades
 21404 | Lair:8   | Found a staircase to the Slime Pits.
 22206 | Orc:1    | Entered Level 1 of the Orcish Mines
 22241 | Orc:2    | Entered Level 2 of the Orcish Mines
 22299 | Orc:2    | Found Goklo's Antique Weapon Boutique.
 22303 | Orc:2    | Noticed protoss039's ghost (journeyman MiBe)
 22321 | Orc:2    | Noticed an orc warlord
 22323 | Orc:2    | Killed protoss039's ghost
 22349 | Orc:1    | Killed an orc warlord
 22577 | Orc:1    | Found Sosaikew's Food Shop.
 22893 | Orc:2    | Found Ibeliat's Antique Armour Emporium.
 22941 | Orc:2    | Found Neeruxt's General Store.
 23042 | Orc:2    | Found a staircase to the Elven Halls.
 23195 | Orc:2    | Found Owkeuhorod's Book Boutique.
 23921 | D:13     | Found Ylau's Distillery.
 23931 | D:13     | Bought a potion of heal wounds for 75 gold pieces
 23931 | D:13     | Bought 3 potions of curing for 135 gold pieces
 23931 | D:13     | Bought a potion of heal wounds for 75 gold pieces
 23931 | D:13     | Bought 2 potions of heal wounds for 150 gold pieces
 24151 | D:13     | Reached XP level 16. HP: 138/147 MP: 24/24
 24331 | D:13     | Found a gate to the Vaults.
 24679 | D:14     | Noticed Snorg
 24689 | D:14     | Killed Snorg
 25208 | D:15     | Entered Level 15 of the Dungeon
 25327 | D:15     | Reached skill level 15 in Shields
 25376 | D:15     | Reached skill level 17 in Long Blades
 25719 | D:15     | Reached skill level 15 in Fighting
 25720 | D:15     | Found a staircase to the Depths.
 26492 | Swamp:1  | Entered Level 1 of the Swamp
 26523 | Swamp:1  | Found a stormy altar of Qazlal.
 26625 | Swamp:1  | Noticed a thorn hunter
 26638 | Swamp:1  | Killed a thorn hunter
 26638 | Swamp:1  | Reached skill level 15 in Armour
 27783 | Swamp:2  | Reached XP level 17. HP: 156/156 MP: 25/25
 28000 | Swamp:2  | Reached skill level 10 in Dodging
 28161 | Swamp:2  | Got a crude ring mail
 28172 | Swamp:2  | Identified the cursed +0 ring mail "Jicalem" {MR+ Str+4} (You found it on level 2 of the Swamp)
 29336 | Swamp:4  | Entered Level 4 of the Swamp
 30193 | Swamp:4  | Noticed a bone dragon
 30199 | Swamp:4  | Killed a bone dragon
 30273 | Swamp:4  | Got a decaying rune of Zot
 30584 | Snake:1  | Entered Level 1 of the Snake Pit
 30704 | Snake:1  | Found Loacki's Armour Shop.
 30731 | Snake:1  | Bought a +1 pair of boots of flying for 165 gold pieces
 30731 | Snake:1  | Bought a +1 gold dragon armour for 870 gold pieces
 31161 | Snake:1  | Reached skill level 18 in Long Blades
 32094 | Snake:2  | Noticed Agnes
 32108 | Snake:2  | Killed Agnes
 32121 | Snake:2  | Reached XP level 18. HP: 134/160 MP: 27/27
 33119 | Snake:4  | Entered Level 4 of the Snake Pit
 34603 | Snake:4  | Got a serpentine rune of Zot
 35254 | Vaults:1 | Entered Level 1 of the Vaults
 35523 | Vaults:1 | Noticed Nikola
 35539 | Vaults:1 | Killed Nikola
 35736 | Vaults:1 | Reached XP level 19. HP: 171/171 MP: 28/28
 35861 | Vaults:1 | Reached skill level 19 in Long Blades
 36782 | Vaults:2 | Found a staircase to the Crypt.
 37336 | Vaults:2 | Found Qivvialo's Distillery.
 37343 | Vaults:2 | Bought a potion of heal wounds for 75 gold pieces
 37343 | Vaults:2 | Bought a potion of curing for 45 gold pieces
 37343 | Vaults:2 | Bought a potion of might for 60 gold pieces
 37343 | Vaults:2 | Bought 2 potions of haste for 300 gold pieces
 37343 | Vaults:2 | Bought a potion of haste for 150 gold pieces
 37343 | Vaults:2 | Bought a potion of cure mutation for 375 gold pieces
 38207 | Crypt:1  | Entered Level 1 of the Crypt
 39122 | Crypt:1  | Reached skill level 15 in Invocations
 39316 | Crypt:2  | Reached XP level 20. HP: 149/181 MP: 30/30
 39696 | Crypt:3  | Entered Level 3 of the Crypt
 39961 | Crypt:3  | Noticed Wiglaf
 39981 | Crypt:3  | Killed Wiglaf
 40353 | Crypt:3  | Reached skill level 20 in Long Blades
 40591 | Crypt:3  | Noticed a curse toe
 40600 | Crypt:3  | Noticed a bone dragon
 40607 | Crypt:3  | Killed a curse toe
 40620 | Crypt:3  | Killed a bone dragon
 40635 | Crypt:3  | Found an ancient bone altar of Kikubaaqudgha.
 40638 | Crypt:3  | Found a basalt altar of Yredelemnul.
 40929 | Crypt:3  | Identified a +0 rod of ignition (9/9) (You found it on level 3 of the Crypt)
 40935 | Crypt:3  | Got a faintly glowing scimitar
 40936 | Crypt:3  | Identified the +1 scimitar "Hellblazer" {slice, rN+ MR+} (You found it on level 3 of the Crypt)
 41045 | Crypt:3  | Found a staircase to the Tomb.
 41329 | Vaults:3 | Noticed Xtahua
 41348 | Vaults:3 | Killed Xtahua
 41349 | Vaults:3 | Reached XP level 21. HP: 110/181 MP: 31/31
 41461 | Vaults:3 | Noticed Aizul
 41469 | Vaults:3 | Killed Aizul
 41594 | Vaults:3 | Noticed Norris
 41608 | Vaults:3 | Killed Norris
 44396 | Vaults:4 | Reached skill level 15 in Dodging
 44851 | Elf:1    | Entered Level 1 of the Elven Halls
 44864 | Elf:1    | Got an ancient cloak
 44875 | Elf:1    | Identified the +0 cloak of the Great Game {rF++ MR+ MP+9 Dex-2} (You acquired it on level 1 of the Elven Halls)
 44957 | Elf:1    | Reached XP level 22. HP: 192/192 MP: 33/33
 45804 | Elf:1    | Found Loxetro's Assorted Antiques.
 46453 | Elf:2    | Reached skill level 21 in Long Blades
 46462 | Elf:2    | Noticed Saint Roka
 46480 | Elf:2    | Killed Saint Roka
 46837 | Elf:2    | Found a huge runed gate.
 46837 | Elf:2    | Found a huge runed gate.
 46837 | Elf:2    | Found a huge runed gate.
 46839 | Elf:2    | Found a huge runed gate.
 46839 | Elf:2    | Found a huge runed gate.
 47454 | Elf:3    | Entered Level 3 of the Elven Halls
 47664 | Elf:3    | Killed from afar by a Hell Sentinel

Skill      XL: |  1  2  3  4  5  6  7  8  9 10 11 12 13 14 15 16 17 18 19 20 21 22 |
---------------+-------------------------------------------------------------------+-----
Long Blades    | 3 4 5 6 8 9 10 11 12 13 14 15 16 17 18 19 20 21 | 21.1
Armour         | 4 6 7 9 10 11 12 13 14 15 16 17 18 19 | 19.9
Invocations    | 1 3 5 6 8 9 10 11 12 13 14 15 16 | 16.8
Fighting       | 4 6 7 9 10 11 12 13 14 15 16 17 18 19 20 | 20.0
Shields        | 4 5 7 8 10 11 12 13 14 15 16 17 18 19 20 | 20.0
Dodging        | 4 6 8 9 11 12 13 14 15 | 15.6

Action                   |  1- 3 |  4- 6 |  7- 9 | 10-12 | 13-15 | 16-18 | 19-21 | 22-24 || total
-------------------------+-------+-------+-------+-------+-------+-------+-------+-------++-------
Melee: Long sword        |   117 |   188 |   400 |  1036 |    68 |       |       |       ||  1809
       Headbutt          |    12 |    29 |    91 |   279 |   389 |   423 |   529 |    85 ||  1837
       Rapier            |       |       |       |    12 |       |       |       |       ||    12
       Short sword       |       |       |       |    11 |       |       |       |       ||    11
       Scimitar          |       |       |       |       |  1252 |  1452 |  1078 |   262 ||  4044
       Double sword      |       |       |       |       |       |    44 |   425 |   106 ||   575
Invok: Divine Shield     |       |       |       |     2 |     2 |     3 |     2 |     1 ||    10
       Summon Divine War |       |       |       |     1 |     1 |     3 |       |       ||     5
       Brand Weapon With |       |       |       |       |     1 |       |       |       ||     1
       Cleansing Flame   |       |       |       |       |       |     5 |       |       ||     5
 Abil: Evoke Flight      |       |       |       |       |       |     2 |       |       ||     2
Evoke: Wand              |       |       |       |    14 |       |       |       |       ||    14
  Use: Potion            |       |     2 |       |     3 |       |       |       |       ||     5
       Scroll            |       |     4 |    15 |    12 |     7 |    21 |     7 |     2 ||    68
 Stab: Petrified         |       |       |       |       |     1 |       |       |       ||     1
  Eat: Chunk             |     1 |     8 |    14 |    22 |    36 |    32 |    27 |     9 ||   149
       Fruit             |       |       |       |       |     1 |     1 |       |       ||     2
       Royal jelly       |       |       |       |       |       |     4 |     2 |       ||     6
Armor: Scale mail        |    57 |    34 |       |       |       |       |       |       ||    91
       Chain mail        |       |    47 |   183 |       |   123 |       |       |       ||   353
       Plate armour      |       |       |    20 |   457 |   238 |   208 |       |       ||   923
       Gold dragon armou |       |       |       |       |       |   210 |   497 |    83 ||   790
Dodge: Dodged            |    37 |    51 |    70 |   163 |   271 |   348 |   364 |    58 ||  1362
Block: Shield            |    70 |   105 |   213 |   631 |   835 |  1120 |  1285 |       ||  4259
       Reflection        |       |       |       |       |    12 |   155 |   103 |    59 ||   329
       Large shield      |       |       |       |       |       |       |     5 |   329 ||   334
